 Dungeon Crawl Stone Soup version 0.27-a0-1532-gca18f49f40 (webtiles) character file.

Game seed: 17574198953226610281

323 nyamberluvr69 the Ducker (level 6, -7/63 HPs)
             Began as an Octopode Berserker on July 12, 2021.
             Was a Believer of Trog.
             Mangled by Duvessa (8 damage)
             ... on level 3 of the Dungeon.
             The game lasted 00:04:06 (3053 turns).

nyamberluvr69 the Ducker (Octopode Berserker)       Turns: 3053, Time: 00:04:08

Health: -7/63      AC:  1    Str: 16    XL:     6   Next: 47%
Magic:  6/6        EV: 16    Int:  9    God:    Trog [**....]
Gold:   36         SH:  0    Dex: 14    Spells: 5/5 levels left

rFire    . . .     SeeInvis .   a - +0 falchion
rCold    . . .     Faith    .   (no shield)
rNeg     . . .     Spirit   .   (helmet restricted)
rPois    .         Reflect  .   (no amulet)
rElec    .         Harm     .   (no ring)
rCorr    .         Rampage  .   (no ring)
Will     .....                  (no ring)
Stlth    ..........             (no ring)
HPRegen  0.20/turn              (no ring)
MPRegen  0.10/turn              (no ring)
                                (no ring)
                                (no ring)

@: berserking, very quick
A: almost no armour, amphibious, 8 rings, camouflage 1, gelatinous body 1,
(nimble swimmer 1), tentacles
a: Renounce Religion, Berserk, Trog's Hand


You were on level 3 of the Dungeon.
You worshipped Trog.
Trog was pleased with you.
You visited 1 branch of the dungeon, and saw 4 of its levels.

You collected 72 gold pieces.
You spent 36 gold pieces at shops.

Inventory:

Hand Weapons
 a - a +0 falchion (weapon)
 k - a +2 quarterstaff of chaos
Wands
 i - a wand of polymorph (8)
Scrolls
 b - a scroll of fog {unknown}
 d - 2 scrolls of identify {unknown}
 f - a scroll of teleportation {unknown}
 m - a scroll of magic mapping {unknown}
 n - 3 scrolls of vulnerability {unknown}
 o - a scroll of holy word {unknown}
Potions
 c - a potion of might {unknown}
 e - a potion of heal wounds {unknown}
 g - a potion of attraction {unknown}
 h - a potion of mutation {unknown}
 j - a potion of cancellation
 l - a potion of resistance {unknown}
 p - a potion of curing


   Skills:
 - Level 3.0 Fighting
 - Level 3.0 Long Blades
 + Level 7.1 Dodging


You had 5 spell levels left.
You didn't know any spells.
Your spell library was empty.

Dungeon Overview and Level Annotations

Branches:
Dungeon (4/15)
 Temple: D:4-7

Altars:

Shops:
D:3 (!

Annotations:
D:3 Dowan, Duvessa


Innate Abilities, Weirdness & Mutations

You cannot wear most types of armour.
You are amphibious.
You can wear up to eight rings at the same time.
Your skin changes colour to match your surroundings (Stealth+).
Your rubbery body absorbs attacks. (AC +1, EV +1)
((You are camouflaged near water. (Stealth+)))
You have tentacles for arms and can constrict up to eight enemies at once.


Message History

Dowan points at Duvessa and mumbles some strange words.
Duvessa seems to speed up.
You hit Duvessa but do no damage.
Duvessa is moderately wounded.
You constrict Duvessa.
Duvessa hits you with a +0 short sword of protection! x2
You barely miss Duvessa.
Duvessa is moderately wounded.
You constrict Duvessa.
Duvessa hits you with a +0 short sword of protection.
Dowan says, "Stay away from my face!"
Dowan barely misses you.
You riposte.
You barely miss Dowan. You grab Dowan. You squeeze Dowan.
Dowan is lightly wounded.
Duvessa closely misses you.
You release your grip on Duvessa.
You release your grip on Dowan.
Dowan hits you with a +0 dagger.
Duvessa says, "My weaknesses are his strengths!"
Duvessa hits you with a +0 short sword of protection.
* * * LOW HITPOINT WARNING * * *
You climb upwards.
There is a stone staircase leading down here.
Dowan hits you with a +0 dagger.
* * * LOW HITPOINT WARNING * * *
A red film seems to cover your vision as you go berserk!
You feel yourself moving faster!
You feel mighty!
Duvessa hits you with a +0 short sword of protection.
* * * LOW HITPOINT WARNING * * *
Dowan points at you and mumbles some strange words.
You resist with some effort.
Duvessa hits you with a +0 short sword of protection.
* * * LOW HITPOINT WARNING * * *
Unknown command.
You slash Duvessa! You grab Duvessa.
Duvessa is severely wounded.
You constrict Duvessa, but do no damage.
Dowan mumbles some strange words.
Dowan blinks!
Duvessa hits you with a +0 short sword of protection!
You die...

.######..####.###.# ##.........#
..................####..........#
#####.............#.............#
...................)####.##..#...
.####...........##..## #.##.)#.##
.....#..........###..###.......##
####.###..#..#..####..###...#..##
#.............................
#######.......@e####..........#
#...........###ยง..e....)..#...#
#............########.........#
#.......>...........))....#.#.#
###..........#.......)....<......
#....####....................##..
..#### #.###................###.
### #..............####..# ##
######.........# ##.# #


You could see Duvessa (fast) and Dowan.

Vanquished Creatures
  Sigmund (D:2)
  Crazy Yiuf (D:2)
  An orc priest (D:3)
  An orc wizard (D:3)
  2 adders (D:3)
  A worm (D:3)
  2 dart slugs
  5 orcs (D:3)
  3 bats
  6 endoplasms
  A giant cockroach (D:2)
  A goblin (D:1)
  3 hobgoblins
  9 jackals
  2 kobolds (D:3)
  3 quokkas
  5 ball pythons
  2 rats
49 creatures vanquished.

Vanquished Creatures (others)
  4 fungi (D:2)
4 creatures vanquished.

Grand Total: 53 creatures vanquished

Notes
Turn   | Place    | Note
-------+----------+-------------------------------------------
     0 | D:1      | nyamberluvr69 the Octopode Berserker began the quest for
                  | the Orb.
     0 | D:1      | Reached XP level 1. HP: 16/16 MP: 1/1
   449 | D:1      | Reached XP level 2. HP: 21/21 MP: 2/2
   892 | D:2      | Noticed Sigmund
   905 | D:2      | Killed Sigmund
   906 | D:2      | Reached skill level 6 in Dodging
   906 | D:2      | Reached XP level 3. HP: 13/26 MP: 3/3
   906 | D:2      | Reached XP level 4. HP: 15/31 MP: 4/4
   906 | D:2      | Reached XP level 5. HP: 18/36 MP: 5/5
  2044 | D:2      | Reached ** piety under Trog
  2139 | D:2      | Found a runed translucent door.
  2140 | D:2      | Noticed Crazy Yiuf
  2145 | D:2      | Killed Crazy Yiuf
  2299 | D:3      | Reached XP level 6. HP: 40/42 MP: 6/6
  2652 | D:3      | Found Xusynlew's Weapon Boutique.
  2814 | D:3      | Reached skill level 7 in Dodging
  2877 | D:3      | Found Yntithul's Distillery.
  2886 | D:3      | Bought a potion of curing for 36 gold pieces
  2999 | D:3      | Found a faded altar of an unknown god.
  3043 | D:4      | Noticed Duvessa
  3043 | D:4      | Noticed Dowan
  3052 | D:3      | HP: 1/63 [Duvessa (4)]
  3053 | D:3      | Mangled by Duvessa

Illustrated notes

Levels and vault maps discovered:
D:1:      elethiomel_arrival_shortcut, layout_basic
D:2:      layout_basic, chequers_decorated_corner,
          chequers_serial_rivers_micro_a, minivault_27, minmay_misc_feat_rugged,
          uniq_crazy_yiuf_cottage, uniq_sigmund
D:3:      layout_rooms, ebering_ecumenical_altar_mist, serial_shops, shop, shop
D:4:      layout_loops_ring, makhleb_blood_cavern_becter, uniq_duvessa

Skill      XL: |  1  2  3  4  5  6 |
---------------+-------------------+-----
Dodging        | 6 7 |  7.1
Fighting       | |  3.0
Long Blades    | |  3.0

Action                   |  1- 3 |  4- 6 || total
-------------------------+-------+-------++-------
Melee: Falchion          |    24 |    87 ||   111
       Constrict         |     9 |    30 ||    39
       Tentacles         |     6 |    26 ||    32
Invok: Berserk           |     1 |     4 ||     5
  Use: Potion            |     1 |       ||     1
 Stab: Sleeping          |     3 |     7 ||    10
Armor: Skin              |     2 |     2 ||     4
Dodge: Dodged            |    23 |    59 ||    82
       Rpst.: Falchion   |     3 |    20 ||    23

Table legend: (Time is in decaauts)
 A = Elapsed time spent in this place.
 B = Non-inter-level travel time spent in this place.
 C = Inter-level travel time spent in this place.
 D = Time resting spent in this place.
 E = Time spent auto-exploring this place.
 F = Levels seen in this place.
 G = Mean time per level.
                   A        B        C        D        E       F      G
               +--------+--------+--------+--------+--------+-----+--------+
         Total |   3110 |   2936 |    174 |    400 |   2221 |   4 |  777.5 |
       Dungeon |   3110 |   2936 |    174 |    400 |   2221 |   4 |  777.5 |
               +--------+--------+--------+--------+--------+-----+--------+

Top non-repeatable levels by time:
     D:2: 1382 daAuts
     D:1: 921 daAuts
     D:3: 798 daAuts
     D:4: 7 daAuts
